SL
NEW AMSTERDAM REPUBLICS @ NORTHERN VIRGINIA RETRIEVERS
08/13/2018
 
TOP OF THE 1ST
New Amsterdam Republics batting - Pitching for Northern Virginia Retrievers : RHP Jeff Reynolds
Pitching: RHP Jeff Reynolds
Batting: RHB José Ramírez 0-0: Called Strike
0-1: SINGLE (Line Drive, 4MD)
Batting: RHB Doug Reed 0-0: Ball
1-0: Called Strike
1-1: Ball
2-1: Ball
3-1: SINGLE (Groundball, 34D)
José Ramírez to second
Runner from 2nd tries for 3rd, SAFE, no throw or cutoff
Batting: LHB Steve Ingram 0-0: Called Strike
0-1: Ball
1-1: Ball
2-1: Fly out, F4 (Popup, 34D)
Batting: RHB Carlos Ortega 0-0: Called Strike
Doug Reed steals 2nd base
0-1: Called Strike
0-2: Fly out, F2 (Popup, 2LF)
Batting: LHB Ken Norman 0-0: Ball
1-0: Ball
2-0: Foul Ball, location: 2F
2-1: Swinging Strike
2-2: DOUBLE (Flyball, 78D)
José Ramírez scores
Doug Reed scores
Batting: RHB Noel Livingston 0-0: Called Strike
0-1: Called Strike
0-2: Ball
1-2: Foul Ball, location: 2F
1-2: Strikes out swinging
Top of the 1st over - 2 run(s), 3 hit(s), 0 error(s), 1 left on base; New Amsterdam 2 - Northern Virginia 0
BOTTOM OF THE 1ST
Northern Virginia Retrievers batting - Pitching for New Amsterdam Republics : RHP Jung-hoon Kim
Pitching: RHP Jung-hoon Kim
Batting: RHB Shi-young Chang 0-0: SOLO HOME RUN (Line Drive, 78XD), Distance : 419 ft
Batting: LHB Ye Der 0-0: Swinging Strike
0-1: Ball
1-1: Fly out, F8 (Flyball, 8RM)
Batting: RHB Ben Ross 0-0: Called Strike
0-1: Ground out 5-3 (Groundball, 5S)
Batting: RHB Manuel Romo 0-0: Ball
1-0: Ball
2-0: Ball
3-0: Base on Balls
Batting: LHB Harlan Price 0-0: Foul Ball, location: 2F
0-1: Fielders Choice at 2nd, 5-4 (Groundball, 5)
Bottom of the 1st over - 1 run(s), 1 hit(s), 0 error(s), 0 left on base; New Amsterdam 2 - Northern Virginia 1
TOP OF THE 2ND
New Amsterdam Republics batting - Pitching for Northern Virginia Retrievers : RHP Jeff Reynolds
Batting: RHB Fernando López 0-0: Ball
1-0: Ground out 6-3 (Groundball, 6)
Batting: RHB Ronald Shelton 0-0: Ball
1-0: Swinging Strike
1-1: Foul Ball, location: 2F
1-2: Strikes out looking
Batting: RHB Jung-hoon Kim 0-0: Swinging Strike
0-1: Foul Ball, location: 2F
0-2: Strikes out swinging
Top of the 2nd over - 0 run(s), 0 hit(s), 0 error(s), 0 left on base; New Amsterdam 2 - Northern Virginia 1
BOTTOM OF THE 2ND
Northern Virginia Retrievers batting - Pitching for New Amsterdam Republics : RHP Jung-hoon Kim
Batting: RHB Enrique Echevarría 0-0: Fly out, F4 (Line Drive, 4)
Batting: RHB Donald Stanley 0-0: Called Strike
0-1: Fly out, F5 (Line Drive, 56)
Batting: RHB Casey Washington 0-0: Called Strike
0-1: Called Strike
0-2: Ball
1-2: Strikes out swinging
Bottom of the 2nd over - 0 run(s), 0 hit(s), 0 error(s), 0 left on base; New Amsterdam 2 - Northern Virginia 1
TOP OF THE 3RD
New Amsterdam Republics batting - Pitching for Northern Virginia Retrievers : RHP Jeff Reynolds
Batting: RHB José Ramírez 0-0: Called Strike
0-1: Ball
1-1: Called Strike
1-2: Ball
2-2: Ball
3-2: Strikes out swinging
Batting: RHB Doug Reed 0-0: Ground out 4-3 (Groundball, 4)
Batting: LHB Steve Ingram 0-0: Ground out 6-3 (Groundball, 6)
Top of the 3rd over - 0 run(s), 0 hit(s), 0 error(s), 0 left on base; New Amsterdam 2 - Northern Virginia 1
BOTTOM OF THE 3RD
Northern Virginia Retrievers batting - Pitching for New Amsterdam Republics : RHP Jung-hoon Kim
Batting: RHB Jeff Reynolds 0-0: Called Strike
0-1: Ball
1-1: Swinging Strike
1-2: Strikes out swinging
Batting: RHB Shi-young Chang 0-0: Foul Ball, location: 2F
0-1: Ball
1-1: SINGLE (Groundball, 34D)
Batting: LHB Ye Der 0-0: Called Strike
0-1: Fly out, F9 (Flyball, 9LM)
Batting: RHB Ben Ross 0-0: Ball
1-0: Foul Ball, location: 2F
1-1: SINGLE (Groundball, 5)
Shi-young Chang to second
Batting: RHB Manuel Romo 0-0: Swinging Strike
0-1: Fly out, F4 (Line Drive, 4M)
Bottom of the 3rd over - 0 run(s), 2 hit(s), 0 error(s), 2 left on base; New Amsterdam 2 - Northern Virginia 1
TOP OF THE 4TH
New Amsterdam Republics batting - Pitching for Northern Virginia Retrievers : RHP Jeff Reynolds
Batting: RHB Carlos Ortega 0-0: Foul Ball, location: 2F
0-1: Foul Ball, location: 2F
0-2: Strikes out swinging
Batting: LHB Ken Norman 0-0: Ball
1-0: Called Strike
1-1: Ground out 1-3 (Groundball, 13S)
Batting: RHB Noel Livingston 0-0: Called Strike
0-1: Called Strike
0-2: Strikes out swinging
Top of the 4th over - 0 run(s), 0 hit(s), 0 error(s), 0 left on base; New Amsterdam 2 - Northern Virginia 1
BOTTOM OF THE 4TH
Northern Virginia Retrievers batting - Pitching for New Amsterdam Republics : RHP Jung-hoon Kim
Batting: LHB Harlan Price 0-0: Foul Ball, location: 2F
0-1: Swinging Strike
0-2: Strikes out swinging
Batting: RHB Enrique Echevarría 0-0: DOUBLE (Line Drive, 7LS)
Batting: RHB Donald Stanley 0-0: Swinging Strike
0-1: Swinging Strike
0-2: Ball
1-2: Foul Ball, location: 2F
1-2: Strikes out swinging
Batting: RHB Casey Washington 0-0: Intentional Walk
Batting: RHB Jeff Reynolds 0-0: Ball
1-0: Swinging Strike
1-1: 3-RUN HOME RUN (Flyball, 7D) (Inside the Park)
Batting: RHB Shi-young Chang 0-0: Ball
1-0: Ball
2-0: Ball
3-0: Base on Balls
Batting: LHB Ye Der 0-0: Ball
1-0: Called Strike
1-1: Foul Ball, location: 2F
1-2: Foul Ball, location: 2F
1-2: Ground out 4-3 (Groundball, 34)
Bottom of the 4th over - 3 run(s), 2 hit(s), 0 error(s), 1 left on base; New Amsterdam 2 - Northern Virginia 4
TOP OF THE 5TH
New Amsterdam Republics batting - Pitching for Northern Virginia Retrievers : RHP Jeff Reynolds
Batting: RHB Fernando López 0-0: Fly out, F9 (Flyball, 89D)
Batting: RHB Ronald Shelton 0-0: Foul Ball, location: 2F
0-1: Ball
1-1: Swinging Strike
1-2: Ball
2-2: Strikes out swinging
Pinch Hitting: RHB Rich Norman 0-0: Called Strike
0-1: Swinging Strike
0-2: Foul Ball, location: 2F
0-2: Fly out, F9 (Flyball, 89M)
Top of the 5th over - 0 run(s), 0 hit(s), 0 error(s), 0 left on base; New Amsterdam 2 - Northern Virginia 4
BOTTOM OF THE 5TH
Northern Virginia Retrievers batting - Pitching for New Amsterdam Republics : RHP Jung-hoon Kim
Pitching: RHP Albert Emery
Batting: RHB Ben Ross 0-0: Fly out, F9 (Flyball, 9LD)
Batting: RHB Manuel Romo 0-0: Ball
1-0: Fly out, F4 (Popup, 4M)
Batting: LHB Harlan Price 0-0: Foul Ball, location: 2F
0-1: Ball
1-1: Swinging Strike
1-2: Ball
2-2: Foul Ball, location: 2F
2-2: Foul Ball, location: 2F
2-2: Ball
3-2: Strikes out swinging
Bottom of the 5th over - 0 run(s), 0 hit(s), 0 error(s), 0 left on base; New Amsterdam 2 - Northern Virginia 4
TOP OF THE 6TH
New Amsterdam Republics batting - Pitching for Northern Virginia Retrievers : RHP Jeff Reynolds
Batting: RHB José Ramírez 0-0: Called Strike
0-1: Ball
1-1: Ball
2-1: Foul Ball, location: 2F
2-2: Strikes out looking
Batting: RHB Doug Reed 0-0: Ball
1-0: Called Strike
1-1: Ball
2-1: SINGLE (Line Drive, 8RS)
Batting: LHB Steve Ingram 0-0: Called Strike
0-1: Ball
1-1: Foul Ball, location: 2F
1-2: Ball
2-2: Ball
3-2: Base on Balls
Doug Reed to second
Batting: RHB Carlos Ortega 0-0: Ball
Doug Reed steals 3rd base
Steve Ingram to second
1-0: Foul Ball, location: 2F
1-1: Called Strike
1-2: Strikes out looking
Batting: LHB Ken Norman 0-0: SINGLE (Line Drive, 56D)
Doug Reed scores
Steve Ingram to third
Batting: RHB Noel Livingston 0-0: Ball
1-0: Fly out, F8 (Flyball, 8LXD)
Top of the 6th over - 1 run(s), 2 hit(s), 0 error(s), 2 left on base; New Amsterdam 3 - Northern Virginia 4
BOTTOM OF THE 6TH
Northern Virginia Retrievers batting - Pitching for New Amsterdam Republics : RHP Albert Emery
Batting: RHB Enrique Echevarría 0-0: Called Strike
0-1: Ball
1-1: Called Strike
1-2: Ball
2-2: Strikes out swinging
Batting: RHB Donald Stanley 0-0: Called Strike
0-1: Foul Ball, location: 2F
0-2: Ball
1-2: DOUBLE (Line Drive, 7LM)
Batting: RHB Casey Washington 0-0: Called Strike
0-1: Called Strike
0-2: Ball
1-2: Fly out, F9 (Flyball, 9M)
Batting: RHB Jeff Reynolds 0-0: Ball
1-0: Ground out 4-3 (Groundball, 4)
Bottom of the 6th over - 0 run(s), 1 hit(s), 0 error(s), 1 left on base; New Amsterdam 3 - Northern Virginia 4
TOP OF THE 7TH
New Amsterdam Republics batting - Pitching for Northern Virginia Retrievers : RHP Jeff Reynolds
Batting: RHB Fernando López 0-0: Ball
1-0: Ball
2-0: Called Strike
2-1: Foul Ball, location: 2F
2-2: Ball
3-2: Base on Balls
Batting: RHB Ronald Shelton 0-0: Ball
Fernando López steals 2nd base
1-0: Called Strike
1-1: Ball
2-1: Called Strike
2-2: Ground out 6-3 (Groundball, 6)
Pinch Hitting: LHB Stan Lewis 0-0: Ball
1-0: Ball
2-0: Foul Ball, location: 2F
2-1: Ball
3-1: Base on Balls
Batting: RHB José Ramírez 0-0: Fielders Choice at 2nd, 6-4 (Groundball, 6M)
Fernando López to third
Batting: RHB Doug Reed 0-0: Ball
1-0: Called Strike
1-1: Foul Ball, location: 2F
1-2: Ball
2-2: Ball
3-2: Fly out, F9 (Line Drive, 9S)
Top of the 7th over - 0 run(s), 0 hit(s), 0 error(s), 2 left on base; New Amsterdam 3 - Northern Virginia 4
BOTTOM OF THE 7TH
Northern Virginia Retrievers batting - Pitching for New Amsterdam Republics : RHP Albert Emery
Pitching: RHP Decheng Sun
Batting: RHB Shi-young Chang 0-0: Fly out, F9 (Line Drive, 9D)
Batting: LHB Ye Der 0-0: Called Strike
0-1: Foul Ball, location: 2F
0-2: Ball
1-2: Ball
2-2: Ball
3-2: Base on Balls
Batting: RHB Ben Ross 0-0: Ball
1-0: Ball
2-0: Ball
3-0: Called Strike
3-1: SINGLE (Groundball, 6)
Ye Der to second
Batting: RHB Manuel Romo 0-0: Fielders Choice at 2nd, 1-6 (Groundball, 23)
Ye Der to third
Batting: LHB Harlan Price 0-0: Called Strike
0-1: Ball
1-1: Called Strike
1-2: Ball
2-2: Ball
3-2: Base on Balls
Manuel Romo to second
Batting: RHB Enrique Echevarría 0-0: Called Strike
0-1: Foul Ball, location: 2F
0-2: Foul Ball, location: 2F
0-2: Strikes out swinging
Bottom of the 7th over - 0 run(s), 1 hit(s), 0 error(s), 3 left on base; New Amsterdam 3 - Northern Virginia 4
TOP OF THE 8TH
New Amsterdam Republics batting - Pitching for Northern Virginia Retrievers : RHP Jeff Reynolds
Now at 1B: Micheal Murdoch
Batting: LHB Steve Ingram 0-0: Ball
1-0: Ball
2-0: Ball
3-0: Called Strike
3-1: Base on Balls
Pitching: RHP Elio Maini
Now in RF: Anrrique Bolo
Batting: RHB Carlos Ortega 0-0: Called Strike
0-1: Ball
1-1: Ball
2-1: Fly out, F9 (Flyball, 89M)
Pitching: LHP Anthony Correa
Batting: LHB Ken Norman 0-0: Fly out, F9 (Flyball, 9D)
Pitching: RHP Jud White
Batting: RHB Noel Livingston 0-0: Called Strike
0-1: Ball
1-1: Foul Ball, location: 2F
1-2: Ball
2-2: Ground out 5-3 (Groundball, 56)
Top of the 8th over - 0 run(s), 0 hit(s), 0 error(s), 1 left on base; New Amsterdam 3 - Northern Virginia 4
BOTTOM OF THE 8TH
Northern Virginia Retrievers batting - Pitching for New Amsterdam Republics : RHP Decheng Sun
Batting: RHB Donald Stanley 0-0: Ball
1-0: Fly out, F8 (Flyball, 8LD)
Batting: RHB Casey Washington 0-0: Swinging Strike
0-1: Called Strike
0-2: Foul Ball, location: 2F
0-2: Strikes out looking
Batting: RHB Anrrique Bolo 0-0: Ball
1-0: Reached on error, E6 (Groundball, 6)
Batting: RHB Shi-young Chang 0-0: Ball
1-0: Ball
2-0: Ground out 4-3 (Groundball, 4)
Bottom of the 8th over - 0 run(s), 0 hit(s), 1 error(s), 1 left on base; New Amsterdam 3 - Northern Virginia 4
TOP OF THE 9TH
New Amsterdam Republics batting - Pitching for Northern Virginia Retrievers : RHP Jud White
Pitching: LHP Will Savage
Now in CF: Christian O'Dell
Batting: RHB Fernando López 0-0: Called Strike
0-1: Called Strike
0-2: Ground out 6-3 (Groundball, 6)
Batting: RHB Ronald Shelton 0-0: Foul Ball, location: 2F
0-1: Fly out, F8 (Flyball, 8LD)
Pinch Hitting: RHB Raúl Catuncan 0-0: Ball
1-0: SINGLE (Groundball, 56D)
Batting: RHB José Ramírez 0-0: Ball
1-0: Fly out, F8 (Flyball, 89XD)
Top of the 9th over - 0 run(s), 1 hit(s), 0 error(s), 1 left on base; New Amsterdam 3 - Northern Virginia 4
This league is powered by Out of the Park Baseball, the baseball management simulation game for PC, Mac and Linux
Monday, May 4th, 2015 - OOTP Baseball 15.6 Build 34